[Event "ICC tourney 1954 (60 10)"]
[Site "Internet Chess Club"]
[Date "2020.08.08"]
[Round "5"]
[White "Red-Pin"]
[Black "GreSci"]
[Result "1-0"]
[ICCResult "Black checkmated"]
[WhiteElo "1399"]
[BlackElo "1085"]
[Opening "Queen's pawn game"]
[ECO "E10"]
[NIC "QI.01"]
[Time "15:17:06"]
[TimeControl "3600+10"]

1. d4 Nf6 2. c4 e6 3. Nf3 Be7 4. Nc3 c6 5. Bf4 d5 6. e3 Nbd7 7. Bd3 Nf8 8.
e4 Ng6 9. Bd2 dxe4 10. Nxe4 Bd7 11. Qb3 Qc7 12. Bb4 Bxb4+ 13. Qxb4 Nxe4 14.
Bxe4 f6 15. Nd2 a5 16. Qc3 f5 17. Bf3 O-O 18. c5 Rfd8 19. Nc4 Be8 20. Nd6
Ne7 21. Qb3 Bf7 22. O-O-O Nc8 23. Qxb7 Qxb7 24. Nxb7 Rd7 25. Bxc6 Rc7 26.
Bf3 Ra7 27. Nd8 Rd7 28. Nc6 Rac7 29. Ne5 Rd8 30. Rd3 Nb6 31. b3 Nd7 32. Nxf7
Kxf7 33. Kc2 e5 34. Bd5+ Kf6 35. Bc4 e4 36. Rd2 Nb8 37. Re1 Nc6 38. d5 Nb4+
39. Kc3 Rxc5 40. Kd4 Nd3 41. Rxd3 exd3 42. Kxc5 d2 43. Rd1 Re8 44. Rxd2 Re1
45. Kb5 Re8 46. Kxa5 h6 47. d6 Rd8 48. Bb5 g5 49. Kb6 Ke6 50. d7 f4 51. Kc7
Ra8 52. d8=Q Rxd8 53. Rxd8 f3 54. gxf3 h5 55. a4 g4 56. fxg4 hxg4 57. Kc6 g3
58. hxg3 Ke5 59. f3 Ke6 60. Re8+ Kf7 61. Kd6 Kf6 62. Rf8+ Kg7 63. Rf4 Kg6
64. Ke6 Kg5 65. Bd7 Kg6 66. Rg4+ Kh6 67. Kf6 Kh7 68. Be8 Kh8 69. Kf7 Kh7 70.
Rh4# {Black checkmated} 1-0

[Event "ICC tourney 1954 (60 10)"]
[Site "Internet Chess Club"]
[Date "2020.08.08"]
[Round "5"]
[White "adma2028"]
[Black "ThanhPoertner"]
[Result "1-0"]
[ICCResult "Black checkmated"]
[WhiteElo "1310"]
[BlackElo "936"]
[Opening "Queen's pawn, Mason variation"]
[ECO "D00"]
[NIC "QP.08"]
[Time "15:17:00"]
[TimeControl "3600+10"]

1. d4 d5 2. Bf4 e6 3. e3 c5 4. c3 Nc6 5. Nf3 Bd6 6. Bg3 Nf6 7. Nbd2 c4 8. b3
Bxg3 9. hxg3 cxb3 10. axb3 O-O 11. Bd3 g6 12. Ng5 b6 13. Ndf3 Qc7 14. c4
dxc4 15. bxc4 e5 16. d5 Nb4 17. Ne4 Nxe4 18. Bxe4 Qxc4 19. Ng5 f6 20. Rc1
Qb5 21. Nxh7 f5 22. Nxf8 fxe4 23. Rc3 Nd3+ 24. Rxd3 exd3 25. Nxg6 Ba6 26. f4
Qb4+ 27. Kf2 Qb2+ 28. Kf3 e4+ 29. Kxe4 Qxg2+ 30. Qf3 Re8+ 31. Ne5 Qe2 32.
Qxe2 dxe2 33. Kf3 Rd8 34. Nc6 Rd7 35. Nd4 Rh7 36. Ra1 Rh2 37. Re1 Bb7 38.
Rxe2 Bxd5+ 39. e4 Rxe2 40. Nxe2 Bc4 41. e5 a5 42. f5 a4 43. Nd4 a3 44. Nc2
a2 45. Ke4 Bb3 46. Na1 Bc2+ 47. Nxc2 b5 48. Kd4 b4 49. Kc4 Kg7 50. Kxb4 Kh6
51. e6 Kg7 52. Kc5 Kf6 53. Kd6 Kxf5 54. e7 Kg4 55. e8=Q Kxg3 56. Qf7 a1=Q
57. Nxa1 Kg2 58. Qf4 Kh3 59. Qg5 Kh2 60. Ke5 Kh3 61. Kf4 Kh2 62. Kf3 Kh1 63.
Qg2# {Black checkmated} 1-0

[Event "ICC tourney 1954 (60 10)"]
[Site "Internet Chess Club"]
[Date "2020.08.08"]
[Round "5"]
[White "ChessG2011"]
[Black "ryan-simshauser"]
[Result "1-0"]
[ICCResult "Black checkmated"]
[WhiteElo "1026"]
[BlackElo "809"]
[Opening "Sicilian: dragon, classical, Richter variation"]
[ECO "B73"]
[NIC "SI.15"]
[Time "15:17:21"]
[TimeControl "3600+10"]

1. e4 c5 2. Nf3 d6 3. d4 cxd4 4. Nxd4 Nf6 5. Nc3 g6 6. Be2 Bg7 7. Be3 O-O 8.
O-O Nc6 9. Qd2 Bg4 10. h3 Nxd4 11. Bxd4 Bxe2 12. Qxe2 e5 13. Be3 Qe7 14.
Rfd1 Rfd8 15. Bg5 h6 16. Nd5 Qe6 17. Bxf6 Bxf6 18. Nc7 Qd7 19. Nxa8 Rxa8 20.
Rd5 Kg7 21. Rad1 Be7 22. Rxe5 Qc7 23. Red5 Rd8 24. c4 a5 25. b3 g5 26. Re1
Bf6 27. f4 Kg6 28. fxg5 hxg5 29. h4 Be5 30. Qg4 f6 31. Qf5+ Kh6 32. hxg5+
fxg5 33. Qe6+ Kg7 34. Rf1 b5 35. Qf5 Bf4 36. g3 Be3+ 37. Kg2 bxc4 38. Qf6+
Kg8 39. Rxg5+ Bxg5 40. Qxg5+ Qg7 41. Qxd8+ Kh7 42. Rh1+ Kg6 43. Qxd6+ Kg5
44. Qf4+ Kg6 45. Qg4+ Kf6 46. Rf1+ Ke5 47. Qxg7+ Kxe4 48. Qd7 c3 49. Re1#
{Black checkmated}
1-0

[Event "ICC tourney 1954 (60 10)"]
[Site "Internet Chess Club"]
[Date "2020.08.08"]
[Round "5"]
[White "ElaineFan"]
[Black "SoaringHawk24"]
[Result "0-1"]
[ICCResult "White checkmated"]
[WhiteElo "1156"]
[BlackElo "1322"]
[Opening "Giuoco Pianissimo"]
[ECO "C50"]
[NIC "IG.02"]
[Time "15:17:20"]
[TimeControl "3600+10"]

1. e4 e5 2. Nf3 Nc6 3. Bc4 Bc5 4. d3 h6 5. c3 Nf6 6. O-O O-O 7. h3 d6 8. a4
a5 9. Re1 Be6 10. Nbd2 Bxc4 11. Nxc4 Re8 12. Ne3 Bxe3 13. Bxe3 Ne7 14. d4
Nxe4 15. dxe5 dxe5 16. Qxd8 Raxd8 17. Nxe5 Nf5 18. Bf4 Nc5 19. Nc4 Rxe1+ 20.
Rxe1 Nd3 21. Rd1 c6 22. Ne5 f6 23. Nxd3 b5 24. axb5 cxb5 25. Bc7 Ra8 26. Ra1
a4 27. Ra3 Ne7 28. Nb4 Ra7 29. Bb6 Rb7 30. Bc5 Ng6 31. g3 Ne5 32. Bd4 Nc4
33. Ra2 Re7 34. Kf1 Nd2+ 35. Kg2 Nc4 36. Nd5 Re2 37. Ne3 Rxb2 38. Rxb2 Nxb2
39. Nc2 Nc4 40. Bc5 Kf7 41. Na3 Nxa3 42. Bxa3 Ke6 43. Kf3 Kd5 44. Ke3 Kc4
45. Bf8 Kxc3 46. Bxg7 b4 47. Bxf6+ Kc2 48. f4 a3 49. f5 b3 50. Be5 b2 51.
Bxb2 axb2 52. f6 b1=Q 53. f7 Qb8 54. g4 Qf8 55. h4 Qxf7 56. g5 hxg5 57. hxg5
Qg6 58. Kf4 Kd3 59. Kg4 Ke4 60. Kh4 Kf4 61. Kh3 Qxg5 62. Kh2 Qg4 63. Kh1 Kf3
64. Kh2 Qg2# {White checkmated} 0-1

[Event "ICC tourney 1954 (60 10)"]
[Site "Internet Chess Club"]
[Date "2020.08.08"]
[Round "5"]
[White "gsgirl"]
[Black "CajunWyoCowboy"]
[Result "1-0"]
[ICCResult "Black checkmated"]
[WhiteElo "1012"]
[BlackElo "1252"]
[Opening "Queen's pawn: London system"]
[ECO "A45"]
[NIC "QP.07"]
[Time "15:17:00"]
[TimeControl "3600+10"]

1. d4 Nf6 2. Bf4 d5 3. e3 e6 4. Nf3 Nc6 5. c3 Be7 6. Bd3 O-O 7. O-O Re8 8.
Qc2 Bd6 9. Bg3 Bxg3 10. hxg3 h6 11. Kh2 e5 12. Be2 e4 13. Ne1 Ng4+ 14. Bxg4
Bxg4 15. Rh1 Qf6 16. Kg1 Ne7 17. Nd2 Qg6 18. f3 exf3 19. Qxg6 Nxg6 20. gxf3
Bf5 21. Kf2 Bd7 22. Nd3 b6 23. Rac1 Re6 24. Nb4 c6 25. c4 Rae8 26. Rhe1 Ne7
27. cxd5 cxd5 28. Rc7 a5 29. Rxd7 axb4 30. g4 Rc8 31. Nb3 Kf8 32. Rc1 Rxc1
33. Rd8# {Black checkmated} 1-0

[Event "ICC tourney 1954 (60 10)"]
[Site "Internet Chess Club"]
[Date "2020.08.08"]
[Round "5"]
[White "tarunrswami"]
[Black "EdwardTarte"]
[Result "0-1"]
[ICCResult "White checkmated"]
[WhiteElo "811"]
[BlackElo "1194"]
[Opening "Robatsch (modern) defense"]
[ECO "B06"]
[NIC "KF.06"]
[Time "15:17:25"]
[TimeControl "3600+10"]

1. e4 g6 2. Nf3 Bg7 3. Bc4 e6 4. c3 Ne7 5. d3 b6 6. Nbd2 Bb7 7. Bb3 d6 8.
O-O O-O 9. Re1 Re8 10. Nf1 Nd7 11. Ng3 e5 12. Ng5 Rf8 13. Qf3 Qe8 14. Qg4
Bc8 15. Qf3 h6 16. Nh3 Nc5 17. Bc4 b5 18. Bd5 c6 19. Bb3 a5 20. d4 exd4 21.
cxd4 Nxb3 22. axb3 Bxh3 23. gxh3 Bxd4 24. Bxh6 Bg7 25. Qf4 Qd7 26. Red1 Rfd8
27. Bxg7 Kxg7 28. e5 Nd5 29. Qg5 Qxh3 30. exd6 Rxd6 31. Qe5+ Rf6 32. Rac1
Nf4 33. Qe4 Re8 34. Qf3 Rh8 35. Rxc6 Qxh2+ 36. Kf1 Qh3+ 37. Ke1 Re8+ 38. Kd2
Rd8+ 39. Kc1 Rxd1+ 40. Kxd1 Qd7+ 41. Ke1 Nd3+ 42. Qxd3 Qxd3 43. Rxf6 Kxf6
44. f3 Qxf3 45. Ne2 Qxb3 46. Nd4 Qxb2 47. Nc6 a4 48. Na5 Qb4+ 49. Kf2 Qxa5
50. Kg3 a3 51. Kh4 a2 52. Kg3 a1=Q 53. Kf2 Q5c3 54. Ke2 Qa2+ 55. Kd1 Qca1#
{White checkmated}
0-1

[Event "ICC tourney 1954 (60 10)"]
[Site "Internet Chess Club"]
[Date "2020.08.08"]
[Round "5"]
[White "ThatGuyZach1234"]
[Black "pillaivar"]
[Result "0-1"]
[ICCResult "White resigns"]
[WhiteElo "893"]
[BlackElo "1202"]
[Opening "English opening"]
[ECO "A16"]
[NIC "EO.64"]
[Time "15:17:25"]
[TimeControl "3600+10"]

1. c4 Nf6 2. Nc3 Nc6 3. e4 e5 4. Nge2 d6 5. d4 g6 6. d5 Ne7 7. g3 Bg7 8. Bg2
O-O 9. O-O c6 10. h3 cxd5 11. exd5 Bd7 12. Be3 Qc7 13. b3 Nf5 14. Bg5 h6 15.
Bxf6 Bxf6 16. Ne4 Bg7 17. Rc1 b6 18. f4 Ne3 19. Qd2 Nxf1 20. Rxf1 f5 21.
N4c3 Qc5+ 22. Kh2 e4 23. Rd1 Rfe8 24. g4 fxg4 25. Rf1 gxh3 26. Bxe4 g5 27.
f5 Rf8 28. Kxh3 Rae8 29. Kg2 Qb4 30. Qd3 Rf7 31. Nd1 b5 32. Ng3 bxc4 33.
bxc4 Rc8 34. Ne3 Qb2+ 35. Rf2 Qd4 36. Rd2 Qxd3 37. Bxd3 Re8 38. Kf3 Rfe7 39.
Ng4 Re1 40. Rh2 Rd1 41. Be4 Rd4 42. Nxh6+ Kf8 43. f6 Bxf6 44. Rf2 Rxc4 45.
Kg2 Ke7 46. Ngf5+ Bxf5 47. Nxf5+ Kd7 48. Bd3 Rc5 49. Ng3 Be5 50. Ne4 Rxd5
51. Bc4 Rd4 52. Bb5+ Ke7 53. Bxe8 Kxe8 54. Re2 Kd7 55. Nc5+ Kc6 56. Nb3 Ra4
57. Nc1 Ra3 58. Rd2 Rg3+ 59. Kf2 g4 60. Nd3 Rf3+ 61. Kg2 Rg3+ 62. Kf2 Rh3
63. Rd1 a5 64. Kg1 Bd4+ 65. Kg2 Bc5 66. Rd2 Kb5 67. Nf4 Rf3 68. Ne6 a4 69.
Rc2 a3 70. Ng5 Re3 71. Nh7 Rf3 72. Ng5 Rd3 73. Ne4 Rd4 74. Nc3+ Ka5 75. Nb1
Bb4 76. Rc8 Rd3 77. Kf2 Rd1 78. Ra8+ Kb6 79. Nxa3 g3+ 80. Kg2 Rd2+ 81. Kh3
Kb7 82. Ra4 Bc5 83. Nb1 g2 84. Rg4 Rb2 85. Rxg2 Rxb1 86. Kg3 Ra1 87. Kf3 Kc6
88. Re2 Rf1+ 89. Kg2 Ra1 90. Kf3 d5 91. Rd2 d4 92. Ke4 Re1+ 93. Kf3 Kd5 94.
Kf2 Ra1 95. Kf3 Bb4 96. Rg2 d3 97. Rg5+ Kd4 98. Rg4+ Kc3 99. Rg5 Rxa2 100.
Rg1 d2 101. Ke4 Kc2 102. Kd4 d1=Q+ 103. Rxd1 Kxd1 104. Kc4 Bf8 105. Kd5 Re2
106. Kc4 Rd2 107. Kb5 Rc2 108. Kb6 Rc4 109. Kb7 Rc5 110. Kb6 Kc2 111. Ka6
Rc3 112. Kb7 Bd6 113. Kb6 Rc5 114. Kb7 Kb3 115. Ka6 Kb4 116. Kb6 Bc7+ 117.
Kb7 Ba5 118. Ka6 Rb5 119. Ka7 Kc5 120. Ka6 Bd8 121. Ka7 Kc6 122. Ka8 Kc7
{White resigns}
0-1

[Event "ICC tourney 1954 (60 10)"]
[Site "Internet Chess Club"]
[Date "2020.08.08"]
[Round "5"]
[White "NJLandshark"]
[Black "traycon"]
[Result "0-1"]
[ICCResult "White resigns"]
[WhiteElo "1170"]
[BlackElo "925"]
[Opening "English: Anglo-Dutch defense"]
[ECO "A10"]
[NIC "HD.14"]
[Time "15:17:15"]
[TimeControl "3600+10"]

1. c4 f5 2. Nc3 Nf6 3. g3 g6 4. Bg2 Bg7 5. d3 O-O 6. e3 d6 7. Nge2 Nc6 8. f4
e5 9. O-O Qe7 10. Rb1 e4 11. dxe4 fxe4 12. b3 Nb4 13. a3 Nd3 14. Nxe4 Nxe4
15. Qxd3 Bf5 16. Qd5+ Kh8 17. Bb2 Nf6 18. Bxf6 Bxf6 19. e4 c6 20. Qd3 Bg4
21. Rfe1 Rad8 22. h3 Bxe2 23. Qxe2 Bd4+ 24. Kh1 c5 25. Qg4 Rf7 26. f5 Rg8
27. Qe2 Qe5 28. Kh2 g5 29. Rf1 Rgg7 30. b4 b6 31. b5 h6 32. a4 Rh7 33. Qh5
Be3 34. Rb2 Qxb2 {White resigns} 0-1

[Event "ICC tourney 1954 (60 10)"]
[Site "Internet Chess Club"]
[Date "2020.08.08"]
[Round "5"]
[White "Saturn015"]
[Black "MSU8899"]
[Result "1-0"]
[ICCResult "Black resigns"]
[WhiteElo "1353"]
[BlackElo "1002"]
[Opening "Queen's pawn, Mason variation"]
[ECO "D00"]
[NIC "QP.08"]
[Time "15:27:16"]
[TimeControl "3600+10"]

1. d4 d5 2. Bf4 Nf6 3. e3 e6 4. Nd2 Nbd7 5. Ngf3 h6 6. Bd3 c5 7. c3 c4 8.
Be2 Be7 9. h3 O-O 10. b3 b5 11. a4 b4 12. Qc2 Ba6 13. bxc4 Rc8 14. c5 Bxe2
15. Kxe2 Nh5 16. Bh2 Qa5 17. cxb4 Qxb4 18. Qb3 Qxb3 19. Nxb3 Bf6 20. g4 Nxc5
21. Nxc5 Rxc5 22. dxc5 Bxa1 23. Rxa1 Nf6 24. Rc1 Rc8 25. c6 Ne4 26. c7 f6
27. Nd2 e5 28. Nxe4 dxe4 29. f3 exf3+ 30. Kxf3 Kf7 31. e4 Ke6 32. Bg1 Kd7
33. Bxa7 Rxc7 34. Rxc7+ Kxc7 35. a5 Kb7 36. Bb6 Ka6 37. Kg3 g6 38. Bd8 g5
39. h4 Kb5 40. hxg5 fxg5 41. Kf3 Ka6 42. Ke3 Kb7 43. Kd3 Kc6 44. a6 Kd7 45.
a7 {Black resigns} 1-0

[Event "ICC tourney 1954 (60 10)"]
[Site "Internet Chess Club"]
[Date "2020.08.08"]
[Round "5"]
[White "nogf-Sadge"]
[Black "BabyFelix"]
[Result "1/2-1/2"]
[ICCResult "Game drawn by mutual agreement"]
[WhiteElo "1288"]
[BlackElo "1107"]
[Opening "Giuoco Piano"]
[ECO "C54"]
[NIC "IG.02"]
[Time "15:16:56"]
[TimeControl "3600+10"]

1. e4 e5 2. Nf3 Nc6 3. Bc4 Bc5 4. c3 Nf6 5. d3 h6 6. O-O O-O 7. d4 Bd6 8.
Qc2 Re8 9. Nbd2 exd4 10. cxd4 Bf8 11. e5 d5 12. Be2 Ne4 13. Nxe4 Bf5 14.
Nf6+ Qxf6 15. Qb3 Qg6 16. Be3 Be4 17. Nh4 Na5 18. Qb5 Qb6 19. Rfc1 c6 20.
Qxb6 axb6 21. g4 Nc4 22. Bxc4 dxc4 23. Rxc4 Bd5 24. Rc2 Rxa2 25. Rxa2 Bxa2
26. f4 b5 27. h3 Ra8 28. f5 Bb4 29. Ng2 Bb3 30. Rf2 Ra1+ 31. Kh2 Rb1 32. Nf4
Be1 33. Rg2 Bc4 34. Rc2 Kf8 35. Kg2 Bh4 36. Kf3 Rf1+ 37. Kg2 Rb1 38. Kf3
Rf1+ 39. Bf2 Ke8 40. Rd2 Rxf2+ 41. Rxf2 Bxf2 42. Kxf2 b6 43. Ke3 f6 44. Kd2
b4 45. Nd3 h5 46. Nxb4 fxe5 47. dxe5 Bf1 48. gxh5 Bxh3 49. f6 gxf6 50. Nxc6
fxe5 51. Nxe5 Kf8 52. Ke3 Kg7 53. Kf4 Kh6 54. Kg3 Bf5 55. Kh4 b5 56. Ng4+
Kg7 57. Kg5 Bb1 58. h6+ Kg8 59. Nf6+ Kf7 60. h7 Kg7 61. Kf4 Kh8 62. Ke3 b4
63. Kd4 Bc2 64. Kc5 b3 65. Kd4 Kg7 66. Kc3 Kh8 67. Kd2 Kg7 68. Kc3 Kh8 69.
Nd7 Kxh7 70. Nc5 Kg6 71. Nxb3 Bf5 72. Nd4 Be4 73. Kc4 Kf6 74. Kc5 Ke7 75. b4
Kd7 76. b5 Kc7 77. b6+ Kb7 78. Kb5 Bg2 79. Ne6 Kb8 80. Kc5 Kb7 81. Nf4 Bc6
82. Ne6 Bg2 83. Nd4 Kb8 84. Nb5 Kb7 85. Nd6+ Ka6 86. Nc4 Be4 87. Kd6 Kb7 88.
Kd7 Bd3 {Game drawn by mutual agreement} 1/2-1/2

[Event "ICC tourney 1954 (60 10)"]
[Site "Internet Chess Club"]
[Date "2020.08.08"]
[Round "5"]
[White "ruhanv"]
[Black "yashvi"]
[Result "1-0"]
[ICCResult "Black checkmated"]
[WhiteElo "958"]
[BlackElo "1232"]
[Opening "Queen's pawn game"]
[ECO "A46"]
[NIC "QP.05"]
[Time "15:17:06"]
[TimeControl "3600+10"]

1. d4 Nf6 2. Nf3 e6 3. Bf4 c5 4. e3 d5 5. c3 Nc6 6. Nbd2 Qb6 7. Rb1 Be7 8.
Bd3 O-O 9. O-O Bd7 10. Ne5 h6 11. Ndf3 c4 12. Bc2 Nxe5 13. Bxe5 Rac8 14.
Bxf6 Bxf6 15. Qe2 Rfe8 16. Qd2 Bc6 17. Ne5 Bxe5 18. dxe5 Qc7 19. f4 b5 20.
Qd4 a5 21. Rf3 b4 22. Rg3 Rb8 23. Bd1 bxc3 24. Qxc3 a4 25. a3 Bb5 26. Bh5
Red8 27. Rd1 Qb6 28. Qc2 d4 29. Bxf7+ Kxf7 30. Qg6+ Ke7 31. Qxg7+ Ke8 32.
Qg8+ Kd7 33. Rxd4+ Kc8 34. Rxd8+ Qxd8 35. Qxe6+ Qd7 36. Rg8+ Kc7 37. Qxd7+
Bxd7 38. Rxb8 Kxb8 39. e4 Kc7 40. f5 Kd8 41. Kf2 Ke7 42. Ke3 Bc8 43. Kd4 Bb7
44. g4 Bc6 45. h4 Bb7 46. g5 hxg5 47. hxg5 Kf7 48. e6+ Ke7 49. Ke5 c3 50.
bxc3 Bc8 51. f6+ Kf8 52. e7+ Ke8 53. g6 Be6 54. f7+ Kxe7 55. f8=Q+ Kxf8 56.
Kxe6 Kg7 57. Kd7 Kxg6 58. e5 Kf7 59. e6+ Kf8 60. e7+ Kg7 61. e8=Q Kh7 62.
Qe1 Kh8 63. Qg1 Kh7 64. Ke7 Kh6 65. Kf7 Kh5 66. Kf6 Kh4 67. Kf5 Kh3 68. Kf4
Kh4 69. Qg4# {Black checkmated} 1-0

[Event "ICC tourney 1954 (60 10)"]
[Site "Internet Chess Club"]
[Date "2020.08.08"]
[Round "5"]
[White "che108642"]
[Black "ronTic"]
[Result "1-0"]
[ICCResult "Black checkmated"]
[WhiteElo "1414"]
[BlackElo "1181"]
[Opening "Queen's pawn game"]
[ECO "D00"]
[NIC "QP.07"]
[Time "15:17:27"]
[TimeControl "3600+10"]

1. d4 Nf6 2. Nc3 d5 3. Bf4 Nh5 4. Be5 e6 5. e3 Nf6 6. Nb5 Na6 7. a3 c6 8.
Nc3 Nc7 9. Bd3 Bd6 10. f4 O-O 11. Qf3 Qe7 12. Qh3 g6 13. Nf3 Bd7 14. Ng5
Nce8 15. e4 Rc8 16. Bxd6 Nxd6 17. e5 Nde8 18. exf6 Nxf6 19. Qh6 c5 20. O-O
cxd4 21. Ne2 Rfe8 22. Rf3 Qf8 23. Qxf8+ Kxf8 24. Nxd4 h6 25. Nh3 Kg7 26. Nf2
e5 27. fxe5 Rxe5 28. c3 Rce8 29. Rf1 R8e7 30. Rxf6 Re1 31. Rf3 a6 32. Nh1
Bg4 33. Rg3 h5 34. h3 Bd7 35. Kf2 R1e5 36. Nf3 R5e6 37. Rg5 f5 38. Kg1 Kf6
39. Rg3 Re3 40. Nd4 R3e5 41. Rgf3 Ba4 42. Bc2 Bd7 43. Bd3 Bc8 44. Nb3 Bd7
45. Nc5 Bc6 46. Ng3 Kg5 47. R3f2 d4 48. cxd4 Rd5 49. Ne2 b6 50. Nxa6 b5 51.
Nb4 Rd6 52. Nxc6 Rxc6 53. Bxb5 Rc2 54. Nc3 Rxf2 55. Rxf2 Re3 56. a4 f4 57.
Bc6 Rd3 58. d5 Kh4 59. Rxf4+ Kg5 60. Rf2 Kh4 61. a5 Re3 62. a6 Kg3 63. a7
Re1+ 64. Rf1 Rxf1+ 65. Kxf1 Kh2 66. a8=Q g5 67. Ke1 g4 68. hxg4 hxg4 69. d6
g3 70. Kd1 Kg1 71. d7 Kh2 72. d8=Q Kg1 73. Kc2 Kh2 74. Qh4+ Kg1 75. Qa1+ Kf2
76. Ne4+ Ke2 77. Qg4+ Ke3 78. Qg1# {Black checkmated} 1-0

[Event "ICC tourney 1954 (60 10)"]
[Site "Internet Chess Club"]
[Date "2020.08.08"]
[Round "5"]
[White "auggie29"]
[Black "Electryon"]
[Result "1/2-1/2"]
[ICCResult "Game drawn because neither player has mating material"]
[WhiteElo "1073"]
[BlackElo "1370"]
[Opening "Queen's pawn, Mason variation, Steinitz counter-gambit"]
[ECO "D00"]
[NIC "QP.08"]
[Time "15:17:46"]
[TimeControl "3600+10"]

1. d4 d5 2. Bf4 c5 3. e3 cxd4 4. exd4 Nf6 5. Nf3 Nc6 6. Be2 Qb6 7. b3 Bg4 8.
c3 e6 9. O-O Be7 10. Re1 O-O 11. h3 Bf5 12. Bg5 Qc7 13. Nh4 Bxb1 14. Qxb1
Ne4 15. Bxe7 Qxe7 16. Nf3 Nxc3 17. Qc2 Nxe2+ 18. Qxe2 Qf6 19. Rad1 Rac8 20.
a3 Rc7 21. Qd3 Rfc8 22. b4 Ne7 23. Ne5 Qf5 24. Qe3 Rc3 25. Qe2 a6 26. a4 Qc2
27. Qxc2 Rxc2 28. b5 axb5 29. axb5 Rb2 30. Rb1 Rxb1 31. Rxb1 Nf5 32. Nf3 h6
33. g4 Ne7 34. Kf1 Rc3 35. Ke2 Ng6 36. Nd2 Nf4+ 37. Ke1 Nxh3 38. Nb3 b6 39.
Nc5 Nf4 40. Nd7 Rc7 41. Nxb6 Rb7 42. Na4 Ng6 43. b6 Ne7 44. Nc5 Rb8 45. b7
Nc6 46. Na6 Re8 47. b8=Q Nxb8 48. Rxb8 Rxb8 49. Nxb8 Kh7 50. Ke2 Kg6 51. Nd7
Kg5 52. Kf3 f5 53. gxf5 Kxf5 54. Ne5 g5 55. Ng4 h5 56. Ne3+ Kf6 57. Kg3 Kg6
58. f4 Kf6 59. Ng2 Kf5 60. fxg5 Kxg5 61. Nf4 h4+ 62. Kf3 Kf5 63. Nh3 e5 64.
dxe5 Kxe5 65. Ke3 Kf5 66. Kf3 d4 67. Nf2 Ke5 68. Kg4 h3 69. Kxh3 Kf4 70. Kg2
Ke3 71. Kf1 Kd2 72. Kg2 Ke2 73. Kg3 Ke3 74. Kg2 Ke2 75. Kg1 d3 76. Nxd3
{Game drawn because neither player has mating material}
1/2-1/2

[Event "ICC tourney 1954 (60 10)"]
[Site "Internet Chess Club"]
[Date "2020.08.08"]
[Round "6"]
[White "Deanmoon32"]
[Black "Remington"]
[Result "1-0"]
[ICCResult "Black resigns"]
[WhiteElo "1043"]
[BlackElo "724"]
[Opening "KGA: Fischer defense"]
[ECO "C34"]
[NIC "KG.02"]
[Time "18:31:58"]
[TimeControl "3600+10"]

1. e4 e5 2. f4 exf4 3. Nf3 d6 4. d3 Nc6 5. Bxf4 g6 6. Nc3 Bg7 7. Be2 Nge7 8.
O-O O-O 9. Bg5 Qd7 10. d4 b6 11. Bb5 Qd8 12. Bxc6 {Black resigns} 1-0

[Event "ICC tourney 1954 (60 10)"]
[Site "Internet Chess Club"]
[Date "2020.08.08"]
[Round "6"]
[White "Anichess2009"]
[Black "chessadpa"]
[Result "0-1"]
[ICCResult "White checkmated"]
[WhiteElo "467"]
[BlackElo "1150"]
[Opening "King's pawn game"]
[ECO "C50"]
[NIC "IG.03"]
[Time "18:32:26"]
[TimeControl "3600+10"]

1. e4 e5 2. Nf3 Nc6 3. Bc4 Nd4 4. Nxd4 exd4 5. c3 dxc3 6. Nxc3 d6 7. Qf3 Nf6
8. e5 dxe5 9. Ne4 Be7 10. Nxf6+ Bxf6 11. d3 O-O 12. O-O c6 13. b3 Qd4 14.
Be3 Qd6 15. Rfd1 c5 16. Qe4 g6 17. Qd5 Qxd5 18. Bxd5 Bg7 19. Bxc5 Rd8 20.
Bc4 a6 21. Rac1 b5 22. Bb6 Rd7 23. Bxb5 axb5 24. Rc5 Rxa2 25. Rxb5 Rxd3 26.
Rc1 Ra8 27. Bc5 Rd5 28. Rb6 Be6 29. Bb4 Rad8 30. Rbc6 Bh6 31. Rf1 Rd1 32.
Be7 R8d3 33. Bf6 Bg4 34. f3 Be3+ 35. Kh1 Rxf1# {White checkmated} 0-1

[Event "ICC tourney 1954 (60 10)"]
[Site "Internet Chess Club"]
[Date "2020.08.08"]
[Round "6"]
[White "Blitzstein"]
[Black "Diyor"]
[Result "0-1"]
[ICCResult "White resigns"]
[WhiteElo "1163"]
[BlackElo "1127"]
[Opening "Sicilian"]
[ECO "B54"]
[NIC "SI.01"]
[Time "18:31:32"]
[TimeControl "3600+10"]

1. e4 c5 2. Nf3 d6 3. d4 cxd4 4. Nxd4 Nc6 5. Bc4 g6 6. Nc3 Bg7 7. Be3 Nf6 8.
Bb3 O-O 9. Qd2 Ng4 10. Nxc6 bxc6 11. Bd4 Nf6 12. O-O-O c5 13. Be3 Ng4 14. h4
Nxe3 15. Qxe3 a5 16. a4 h5 17. Qg5 Kh7 18. Nd5 Bh6 {White resigns} 0-1

[Event "ICC tourney 1954 (60 10)"]
[Site "Internet Chess Club"]
[Date "2020.08.08"]
[Round "6"]
[White "narayan0811"]
[Black "djc403"]
[Result "1-0"]
[ICCResult "Black resigns"]
[WhiteElo "1121"]
[BlackElo "1305"]
[Opening "King's pawn game"]
[ECO "C50"]
[NIC "IG.03"]
[Time "18:31:40"]
[TimeControl "3600+10"]

1. e4 e5 2. Nf3 Nc6 3. Bc4 h6 4. Nc3 Nf6 5. d3 Bc5 6. Be3 Bxe3 7. fxe3 O-O
8. O-O d6 9. Qe2 Bg4 10. Qf2 Nb4 11. a3 Bxf3 12. axb4 Bh5 13. Nd5 Ng4 14.
Qf5 Qh4 15. h3 c6 16. Ne7+ Qxe7 17. hxg4 Bg6 18. Qxg6 d5 19. exd5 fxg6 20.
d6+ Kh8 21. dxe7 Rxf1+ 22. Rxf1 {Black resigns} 1-0

[Event "ICC tourney 1954 (60 10)"]
[Site "Internet Chess Club"]
[Date "2020.08.08"]
[Round "6"]
[White "GIML"]
[Black "Anishkor"]
[Result "0-1"]
[ICCResult "White checkmated"]
[WhiteElo "1089"]
[BlackElo "1359"]
[Opening "Four knights: Scotch, 4...exd4"]
[ECO "C47"]
[NIC "KP.06"]
[Time "18:31:53"]
[TimeControl "3600+10"]

1. e4 e5 2. Nf3 Nc6 3. Nc3 Nf6 4. d4 exd4 5. Nxd4 Bc5 6. Nxc6 bxc6 7. Bc4
Nxe4 8. Nxe4 d5 9. Nxc5 dxc4 10. Qxd8+ Kxd8 11. Bf4 Re8+ 12. Be3 f5 13.
O-O-O+ Ke7 14. Bf4 Kf8 15. Nd7+ Kg8 16. Bxc7 Re7 17. Bd6 Rxd7 18. Rhe1 Bb7
19. Re5 Rad8 20. Re7 Rxe7 21. Bxe7 Re8 22. Bh4 c5 23. Rd7 Bxg2 24. Rxa7 f4
25. Kd2 f3 26. a4 Bf1 27. a5 g5 28. Bg3 h5 29. h4 gxh4 30. Bxh4 Re4 31. Bg3
h4 32. Bd6 Rd4+ 33. Ke1 Be2 34. Bxc5 Rd1# {White checkmated} 0-1

[Event "ICC tourney 1954 (60 10)"]
[Site "Internet Chess Club"]
[Date "2020.08.08"]
[Round "6"]
[White "Cbf577"]
[Black "Zohranvalliani"]
[Result "1-0"]
[ICCResult "Black checkmated"]
[WhiteElo "1374"]
[BlackElo "973"]
[Opening "Sicilian defense"]
[ECO "B20"]
[NIC "SI.48"]
[Time "18:32:00"]
[TimeControl "3600+10"]

1. e4 c5 2. Bc4 e6 3. Nc3 Nf6 4. d3 d5 5. Bb5+ Bd7 6. Bxd7+ Nbxd7 7. Bg5 Be7
8. Nf3 d4 9. Ne2 e5 10. c3 O-O 11. O-O h6 12. Bh4 Nh5 13. Bg3 Nxg3 14. fxg3
f5 15. exf5 Rxf5 16. g4 Rf8 17. Ng3 Bd6 18. Qb3+ Kh7 19. Qxb7 Nf6 20. g5 Ng4
21. Qe4+ g6 22. Qxg4 Rf4 23. Qh3 Bf8 24. Nxe5 Rxf1+ 25. Rxf1 Qe7 26. Nf3
Qe3+ 27. Kh1 Qxd3 28. Qd7+ Kg8 29. Qd5+ Kg7 30. Qxa8 Bd6 31. gxh6+ Kxh6 32.
Qh8# {Black checkmated} 1-0

[Event "ICC tourney 1954 (60 10)"]
[Site "Internet Chess Club"]
[Date "2020.08.08"]
[Round "6"]
[White "glassviper"]
[Black "shawnchicken"]
[Result "0-1"]
[ICCResult "White resigns"]
[WhiteElo "931"]
[BlackElo "1333"]
[Opening "Bird's opening"]
[ECO "A03"]
[NIC "VO.07"]
[Time "18:32:26"]
[TimeControl "3600+10"]

1. f4 d5 2. Nf3 Nf6 3. e3 Nc6 4. Be2 Bg4 5. O-O e6 6. c3 Bd6 7. d4 O-O 8. h3
Bh5 9. g4 Bg6 10. Ne5 Be4 11. Nd2 Nd7 12. Nxe4 dxe4 13. Qc2 Bxe5 14. fxe5
Qh4 15. Kg2 f6 16. exf6 Nxf6 17. Bc4 Rae8 18. b3 Nd5 19. Ba3 Nxe3+
{White resigns}
0-1